 Dungeon Crawl Stone Soup version 0.27-a0-994-g5030419646 (console) character file.

Game seed: 15142441528554675952

81 Banquo the Magician (level 4, -2/35 HPs)
             Began as a Djinni Warper on Apr 16, 2021.
             Slain by a black bear (3 damage)
             ... on level 2 of the Dungeon.
             The game lasted 00:11:07 (3548 turns).

Banquo the Magician (Djinni Warper)                 Turns: 3548, Time: 00:11:08

Health: -2/35      AC:  3    Str: 10    XL:     4   Next: 40%
Gold:   95         EV: 11    Int: 15    God:
                   SH:  0    Dex: 13

rFire    + + .     SeeInvis .   a - +2 dagger (venom)
rCold    x . .     Faith    .   (no shield)
rNeg     . . .     Spirit   .   b - +0 leather armour
rPois    ∞         Reflect  .   (helmet currently unavailable)
rElec    .         Harm     .   (no cloak)
rCorr    .         Rampage  .   (no gloves)
Will     .....                  (boots unavailable)
Stlth    +.........             (no amulet)
HPRegen  0.11/turn              (no ring)
MPRegen  0.00/turn              (no ring)

@: appendages (expiring), flying, very slightly contaminated
A: horns 2, flying, fire resistance 2, cold vulnerability 1, float, innate
caster, hp casting, extra vitality 1
a: End Transformation


You were on level 2 of the Dungeon.
You had temporarily grown beastly horns.
You visited 1 branch of the dungeon, and saw 2 of its levels.

You collected 95 gold pieces.

Inventory:

Hand Weapons
 a - a +2 dagger of venom (weapon)
 l - a +0 hand axe
Missiles
 e - a boomerang of dispersal
 f - 52 stones (quivered)
 n - 12 poisoned darts
Armour
 b - a +0 leather armour (worn)
Scrolls
 d - a scroll of blinking
 g - 4 scrolls of magic mapping {unknown}
 i - a scroll of identify {unknown}
 j - a scroll of amnesia {unknown}
 m - a scroll of torment {unknown}
Potions
 c - a potion of heal wounds {unknown}
 h - a potion of might {unknown}
 k - 2 potions of haste {unknown}
 o - a potion of invisibility {unknown}
 p - a potion of magic {unknown}


   Skills:
 * Level 3.1 Fighting
 - Level 1.5 Axes
 - Level 0.7 Throwing
 - Level 1.0 Armour
 - Level 2.1 Dodging
 * Level 3.8 Spellcasting


You couldn't memorise any spells.
You knew the following spells:

 Your Spells              Type           Power      Damage    Failure   Level
a - Beastly Appendage     Tmut           28%        N/A       4%          1
b - Lesser Beckoning      Tloc           7%         N/A       16%         3
g - Gell's Gravitas       Tloc           7%         N/A       16%         3
m - Manifold Assault      Tloc           14%        N/A       80%         5
t - Teleport Other        Tloc           14%        N/A       16%         3
B - Blink                 Tloc           N/A        N/A       8%          2
Your spell library was empty.

Dungeon Overview and Level Annotations

Branches:
Dungeon (2/15)

Altars:

Shops:
D:2 [


Innate Abilities, Weirdness & Mutations

You have temporarily grown beastly horns.
You are flying.
You are immune to poison.
Your flesh is very heat resistant. (rF++)
You are vulnerable to cold. (rC-)
You float through the air rather than walking.
You learn spells naturally, not from books.
Your magical power is your life essence.
You have superior vitality. (+4 HP)


Message History

You throw a stone.
The stone hits the black bear but does no damage.
You hit the black bear.
The black bear is poisoned.
Your headbutt misses the black bear.
The black bear is lightly wounded.
Your transformation is almost over.
The black bear bites you. The black bear claws you. x2
You hit the black bear. You headbutt the black bear.
The black bear is heavily wounded.
The black bear closely misses you. x2; The black bear barely misses you.
You hit the black bear.
The black bear looks as sick as possible!
Your headbutt misses the black bear.
The black bear is severely wounded.
The black bear goes berserk!
Casting: Beastly Appendage (safe; 4% risk of failure)
Confirm with . or Enter, or press ? or * to list all spells.
The spell is quite dangerous to cast (16% risk of failure)!
Continue anyway?
Aiming: Teleport Other (quite dangerous; 16% risk of failure)
Press: ? - help, Shift-Dir - straight line, f/p - black bear
Aim: a black bear (severely wounded, berserk, extremely poisoned, chance to affect: 50%)
You miscast Teleport Other.
You are very lightly contaminated with residual magic.
Nothing appears to happen.
The black bear bites you. The black bear claws you. x2
The black bear bites you!
* * * LOW HITPOINT WARNING * * *
The black bear misses you. The black bear barely misses you.
Unknown command.
Casting: Teleport Other (quite dangerous; 16% risk of failure)
Confirm with . or Enter, or press ? or * to list all spells.
The spell is quite dangerous to cast (16% risk of failure)!
Continue anyway?
Aiming: Teleport Other (quite dangerous; 16% risk of failure)
Press: ? - help, Shift-Dir - straight line, f/p - black bear
Aim: a black bear (almost dead, berserk, extremely poisoned, chance to affect: 50%)
The black bear looks slightly unstable.
* * * LOW HITPOINT WARNING * * *
The black bear closely misses you. The black bear claws you.
* * * LOW HITPOINT WARNING * * *
The black bear claws you.
You die...

#..........#.###....#.#.
#####.#..(..........#.#.
#......#....#.###.#..#...
######.#.............#.#.
..#....#.....#..#.#.
#.#(...#.###.#..#.#.
#.#....#.# #.#..#.#.
#.#h...#.# ###....#.
###@...#######....#.
#..#.............†
#.#########..##.#. #.#
#..##...
##########.#########..##...
#.....................##...
#.########...........###...
#.........###..............
#.#######.# #######^.###.#.


You could see a black bear (berserk, extremely poisoned).

Vanquished Creatures
  2 adders
  A dart slug (D:2)
  5 endoplasms
  4 giant cockroaches
  3 goblins
  6 hobgoblins
  10 jackals
  2 quokkas (D:1)
  7 ball pythons
  3 bats
  5 frilled lizards
  5 kobolds
  3 rats
56 creatures vanquished.

Notes
Turn   | Place    | Note
-------+----------+-------------------------------------------
     0 | D:1      | Banquo the Djinni Warper began the quest for the Orb.
     0 | D:1      | Reached XP level 1. HP: 18/18 MP: 0/0
   155 | D:1      | Found a faded altar of an unknown god.
   217 | D:1      | Reached XP level 2. HP: 23/23 MP: 0/0
   942 | D:1      | Reached XP level 3. HP: 26/29 MP: 0/0
   942 | D:1      | Learned a level 1 spell: Beastly Appendage
  1561 | D:2      | Noticed a black bear
  1803 | D:2      | Found Xaggiec's Armour Shoppe.
  2344 | D:1      | Found a faded altar of an unknown god.
  2481 | D:1      | Reached XP level 4. HP: 28/34 MP: 0/0
  3548 | D:2      | HP: 1/35 [black bear (6)]
  3548 | D:2      | Slain by a black bear

Illustrated notes

Levels and vault maps discovered:
D:1:      dpeg_arrival_rhombus, layout_basic, chequers_ecumenical_altar_island,
          fountainhead
D:2:      layout_basic, serial_shops, shop

Skill      XL: |  1  2  3  4 |
---------------+-------------+-----
Spellcasting   | 3 |  3.8
Fighting       | 3 |  3.1
Axes           | |  1.5
Throwing       | |  0.7
Armour         | |  1.0
Dodging        | |  2.1

Action                   |  1- 3 |  4- 6 || total
-------------------------+-------+-------++-------
Melee: Hand axe          |   156 |    11 ||   167
       Dagger            |       |    21 ||    21
       Headbutt          |       |     1 ||     1
Throw: Stone             |    82 |    56 ||   138
       Boomerang         |     4 |       ||     4
 Cast: Blink             |     2 |       ||     2
       Teleport Other    |     1 |     1 ||     2
       Beastly Appendage |       |     1 ||     1
Armor: Leather armour    |    60 |     3 ||    63
Dodge: Dodged            |    95 |    23 ||   118

Table legend: (Time is in decaauts)
 A = Elapsed time spent in this place.
 B = Non-inter-level travel time spent in this place.
 C = Inter-level travel time spent in this place.
 D = Time resting spent in this place.
 E = Time spent auto-exploring this place.
 F = Levels seen in this place.
 G = Mean time per level.
                   A        B        C        D        E       F      G
               +--------+--------+--------+--------+--------+-----+--------+
         Total |   3602 |   3297 |    305 |    269 |   2396 |   2 | 1801.0 |
       Dungeon |   3602 |   3297 |    305 |    269 |   2396 |   2 | 1801.0 |
               +--------+--------+--------+--------+--------+-----+--------+

Top non-repeatable levels by time:
     D:1: 2550 daAuts
     D:2: 1052 daAuts
